 Dungeon Crawl Stone Soup version 0.24-a0-307-gf989941 (webtiles) character file.

Game seed: 6991745952236465736

6833 galech the Cleaver (level 10, -1/77 HPs)
             Began as a Demonspawn Fighter on May 13, 2019.
             Was a Priest of Okawaru.
             Killed by refrigeration
             ... invoked by Fannar
              (27 damage)
             ... on level 10 of the Dungeon.
             The game lasted 00:11:26 (9772 turns).

galech the Cleaver (Demonspawn Fighter)             Turns: 9772, Time: 00:11:26

Health: -1/77      AC: 13    Str: 14    XL:     10   Next: 77%
Magic:  8/10       EV: 12    Int:  9    God:    Okawaru [***...]
Gold:   332        SH: 12    Dex: 16    Spells: 9/9 levels left

rFire    + + .     SeeInvis .   g - +6 war axe (elec)
rCold    x . .     Gourm    .   c - +0 shield
rNeg     . . .     Faith    .   K - +1 chain mail of Rierph {rPois rF+ Str-3} (curse)
rPois    +         Spirit   .   (helmet restricted)
rElec    .         Reflect  .   I - scarf {repulsion}
rCorr    .         Harm     .   (no gloves)
MR       .....                  (no boots)
Stlth    +.........             m - amulet of rage
HPRegen  0.22/turn              t - +4 ring of slaying
MPRegen  0.12/turn              A - ring of fire

@: heroism, repel missiles
A: horns 2, spiny 1, sturdy frame 1
a: Heroism, Renounce Religion, Evoke Berserk Rage


You were on level 10 of the Dungeon.
You worshipped Okawaru.
Okawaru was most pleased with you.
You were very hungry.

You visited 2 branches of the dungeon, and saw 11 of its levels.

You collected 522 gold pieces.
You spent 190 gold pieces at shops.

Inventory:

Hand Weapons
 g - a +6 war axe of electrocution (weapon)
Armour
 c - a +0 shield (worn)
 D - a +2 robe of cold resistance
 I - a scarf of repulsion (worn)
 K - the cursed +1 chain mail of Rierph (worn) {rPois rF+ Str-3}
   (You bought it in a shop on level 8 of the Dungeon)

   It affects your strength (-3).
   It protects you from fire.
   It protects you from poison.
   It has a curse placed upon it.
Jewellery
 m - an amulet of rage (around neck)
 t - a +4 ring of slaying (left hand)
 v - an uncursed ring of poison resistance
 x - an uncursed amulet of the gourmand {unknown}
 A - a ring of fire (right hand)
 E - an uncursed amulet of magic regeneration
 J - an uncursed ring of flight
Wands
 j - a wand of acid (15)
 q - a wand of paralysis (9)
Scrolls
 a - a scroll of blinking
 l - 3 scrolls of enchant armour
 n - a scroll of magic mapping
 p - 6 scrolls of teleportation
 r - 5 scrolls of remove curse
 s - 2 scrolls of fog
 z - 2 scrolls of amnesia {unknown}
 C - a scroll of summoning {unknown}
Potions
 d - 3 potions of might
 e - 6 potions of lignification {unknown}
 h - 2 potions of flight {unknown}
 i - 2 potions of ambrosia {unknown}
 k - 8 potions of curing {unknown}
 o - a potion of agility {unknown}
 w - 2 potions of mutation {unknown}
 B - a potion of brilliance {unknown}
Comestibles
 f - 17 rations


   Skills:
 + Level 6.7(11.7) Fighting
 + Level 10.6(15.6) Axes
 + Level 7.0(12.0) Armour
 + Level 3.1(8.1) Dodging
 + Level 1.1(6.1) Stealth
 + Level 6.3(11.3) Shields
 + Level 0.2 Invocations
 + Level 1.3 Evocations


You had 9 spell levels left.
You didn't know any spells.
Your spell library was empty.

Dungeon Overview and Level Annotations

Branches:
Dungeon (10/15)            Temple (1/1) D:7
   Lair: D:8-11         Orc: D:9-12

Altars:
Ashenzari
Cheibriados
Dithmenos
Elyvilon
Fedhas
Gozag
Hepliaklqana
Kikubaaqudgha
Makhleb
Nemelex Xobeh
Okawaru
Qazlal
Ru
Sif Muna
Trog
Uskayaw
Vehumet
Wu Jian
Xom
Yredelemnul
Zin
The Shining One

Shops:
D:7 =   D:8 [   D:9 (

Annotations:
D:10 Fannar


Innate Abilities, Weirdness & Mutations

You have a pair of horns on your head.
You are partially covered in sharp spines.
Your movements are slightly less encumbered by armour. (ER -2)


Message History

The bolt of cold hits you!!
You feel a terrible chill!
You hit Fannar. Lightning courses through Fannar! You headbutt Fannar.
Fannar is severely wounded.
You closely miss the ice beast.
Fannar hits you with a +0 quarterstaff of freezing.
Fannar freezes you. The ice beast hits you. The ice beast freezes you!!
You feel a terrible chill!
You are too injured to fight recklessly!
You are too injured to fight recklessly!
You are too injured to fight recklessly!
You are too injured to fight recklessly!
You are too injured to fight recklessly!
You are too injured to fight recklessly!
You are too injured to fight recklessly!
Unknown command.
You gain the combat prowess of a mighty hero.
Fannar mumbles some strange words.
Fannar drains the heat from the surrounding environment!
You feel a terrible chill!
You feel very cold.
You die...

#####+### #.........#
##+## ####.........#
....# +######
#..'.........### ....#
.......##.##.........##.
....+
......e#..##.........##.
....#
......Y@.###.........#..
....# ...$...###
#.........#.# ....#
...(... #.........'.#
....# .......
#.........### ....#
###+### ####'######
....# #.# #.## ##'## #.#
#..# #..# #.# ##.# ..##
#.# ####'###


You could see Fannar and an ice beast.

Vanquished Creatures
  A two-headed ogre (D:10)
  An unseen horror (D:10)
  A cyclops (D:7)
  2 trolls (D:10)
  2 hippogriffs
  Sigmund (D:5)
  A wyvern (D:9)
  A water moccasin (D:9)
  2 sky beasts
  5 ice beasts
  A black bear (D:6)
  2 orc warriors
  A phantom (D:4)
  3 ogres
  4 centaurs
  2 big kobolds
  Blork the orc (D:6)
  6 bullfrogs
  3 scorpions
  6 killer bees (D:8)
  9 wights
  A howler monkey (D:9)
  A centaur zombie (D:5)
  A crimson imp (D:6)
  A bullfrog zombie (D:5)
  A centaur skeleton (D:6)
  3 orc priests
  3 hounds
  2 jellies
  2 bullfrog skeletons
  Jessica (D:3)
  4 orc wizards
  Natasha (thrice) (D:2)
  9 worker ants
  11 gnolls
  A howler monkey skeleton (D:9)
  10 adders
  2 shadow imps (D:7)
  2 adder zombies
  An adder skeleton (D:4)
  4 worms
  4 dart slugs
  5 leopard geckos
  18 orcs
  5 giant cockroaches
  5 goblins
  7 hobgoblins
  12 jackals
  3 quokkas
  3 ball pythons
  2 ball python skeletons (D:5)
  6 bats
  5 frilled lizards
  A giant cockroach zombie (D:6)
  17 kobolds
  A leopard gecko skeleton (D:5)
  A quokka skeleton (D:5)
  A quokka zombie (D:6)
  10 rats
224 creatures vanquished.

Notes
Turn   | Place    | Note
-------+----------+-------------------------------------------
     0 | D:1      | galech the Demonspawn Fighter began the quest for the Orb.
     0 | D:1      | Reached XP level 1. HP: 18/18 MP: 1/1
    80 | D:1      | Gained mutation: Your movements are slightly less
                  | encumbered by armour. (ER -2) [demonic ancestry]
    80 | D:1      | Reached XP level 2. HP: 24/24 MP: 2/2
   310 | D:1      | Reached skill level 2 in Axes
   687 | D:2      | Reached XP level 3. HP: 28/29 MP: 3/3
   695 | D:2      | Found an opulent altar of Gozag.
   741 | D:2      | Found a sacrificial altar of Ru.
  1043 | D:2      | Reached XP level 4. HP: 35/35 MP: 4/4
  1262 | D:2      | Noticed Natasha
  1265 | D:2      | Killed Natasha
  1436 | D:2      | Noticed Natasha
  1450 | D:2      | Killed Natasha
  1450 | D:2      | Reached skill level 3 in Axes
  1450 | D:2      | Reached XP level 5. HP: 27/41 MP: 5/5
  1771 | D:2      | Noticed Natasha
  1785 | D:2      | Killed Natasha
  1810 | D:3      | Found a shadowy altar of Dithmenos.
  2296 | D:3      | Found a sparkling altar of Nemelex Xobeh.
  2387 | D:3      | Noticed Jessica
  2394 | D:3      | Killed Jessica
  2618 | D:3      | You fall through a shaft!
  2768 | D:3      | Found a burning altar of Makhleb.
  2769 | D:3      | Noticed an Executioner
  3082 | D:4      | Noticed an ogre
  3159 | D:4      | Noticed a phantom
  3173 | D:4      | Killed a phantom
  3173 | D:4      | Reached skill level 4 in Axes
  3173 | D:4      | Reached skill level 1 in Dodging
  3173 | D:4      | Gained mutation: You have a pair of small horns on your
                  | head. [demonic ancestry]
  3173 | D:4      | Reached XP level 6. HP: 40/48 MP: 6/6
  3322 | D:4      | Found a blossoming altar of Fedhas.
  3345 | D:4      | Reached XP level 7. HP: 54/54 MP: 7/7
  3404 | D:4      | Reached skill level 5 in Axes
  3546 | D:4      | Found a hide-covered altar of Uskayaw.
  3547 | D:4      | Found a white marble altar of Elyvilon.
  3610 | D:5      | Entered Level 5 of the Dungeon
  3618 | D:5      | Found a glowing silver altar of Zin.
  3995 | D:5      | Noticed Sigmund
  4006 | D:5      | Killed Sigmund
  4006 | D:5      | Reached skill level 6 in Axes
  4006 | D:5      | Gained mutation: You are partially covered in sharp spines.
                  | [demonic ancestry]
  4006 | D:5      | Reached XP level 8. HP: 25/61 MP: 8/8
  4965 | D:6      | Noticed Blork the orc
  4972 | D:6      | Killed Blork the orc
  4972 | D:6      | Reached skill level 1 in Evocations
  5039 | D:6      | Reached skill level 7 in Axes
  5039 | D:6      | Reached skill level 5 in Armour
  5060 | D:6      | Reached skill level 5 in Fighting
  5304 | D:6      | HP: 2/62 [acid (11)]
  5478 | D:6      | Gained mutation: You have a pair of horns on your head.
                  | [demonic ancestry]
  5478 | D:6      | Reached XP level 9. HP: 68/68 MP: 9/9
  5719 | D:7      | Found Toaty's Jewellery Shop.
  6013 | D:7      | Found a staircase to the Ecumenical Temple.
  6061 | Temple   | Entered the Ecumenical Temple
  6283 | Temple   | Became a worshipper of Warmaster Okawaru
  6520 | D:7      | Found a bloodstained altar of Trog.
  6543 | D:7      | Reached skill level 5 in Shields
  6822 | D:7      | Reached skill level 8 in Axes
  6863 | D:7      | Noticed a cyclops
  6878 | D:7      | Killed a cyclops
  7436 | D:8      | Reached * piety under Okawaru
  7541 | D:8      | Found a snail-covered altar of Cheibriados.
  7546 | D:8      | Found Linim's Antique Armour Emporium.
  7551 | D:8      | Reached skill level 9 in Axes
  7566 | D:8      | Bought a dazzling chain mail for 190 gold pieces
  7576 | D:8      | Identified the cursed +1 chain mail of Rierph {rPois rF+
                  | Str-3} (You bought it in a shop on level 8 of the Dungeon)
  8039 | D:8      | Reached XP level 10. HP: 76/76 MP: 10/10
  8096 | D:8      | Reached ** piety under Okawaru
  8373 | D:8      | Found a basalt altar of Yredelemnul.
  8793 | D:9      | Found Uqikhoont's Weapon Boutique.
  9023 | D:9      | Found a deep blue altar of Sif Muna.
  9148 | D:10     | Entered Level 10 of the Dungeon
  9169 | D:10     | Noticed a two-headed ogre
  9175 | D:10     | Killed an unseen horror
  9175 | D:10     | Reached skill level 10 in Axes
  9177 | D:10     | Killed a two-headed ogre
  9177 | D:10     | Reached skill level 1 in Stealth
  9254 | D:10     | Reached *** piety under Okawaru
  9767 | D:10     | Noticed Fannar
  9772 | D:10     | Killed from afar by Fannar

Levels and vault maps discovered:
D:1:      doesnt_arrival_eight_statues, layout_loops_ring
D:2:      layout_basic, nicolae_ru_great_annihilating_truth,
          grunt_gozag_statues, uniq_natasha
D:3:      layout_basic, nicolae_overflow_hidden_temple,
          nicolae_overflow_crystal_walls, makhleb_altar_promises_db,
          first_ration, uniq_jessica
D:4:      layout_loops_ring, kennysheep_mini_moat,
          gammafunk_temple_overflow_statue
D:5:      layout_layer_cave, overflow_temple_1_default,
          minmay_chambers_of_fives, uniq_sigmund
D:6:      layout_basic, uniq_blork_the_orc
D:7:      minmay_slanted_spiral_squares, layout_loops_corners,
          lemuel_crystal_altar, temple_green, serial_shops, shop,
          small_statue_intersection, minmay_misc_feat_tiny
D:8:      layout_basic, kennysheep_little_box, lemuel_doored_altar,
          serial_shops, nicolae_shop_stone
D:9:      layout_irregular_city, lemuel_blue_sif_altar, serial_shops, shop
D:10:     layout_roguey, uniq_fannar
Temple:   jpeg_temple_island

Skill      XL: |  1  2  3  4  5  6  7  8  9 10 |
---------------+-------------------------------+-----
Axes           | 2 3 4 6 7 9 10 | 10.6
Shields        | 3 4 5 6 |  6.3
Armour         | 3 4 5 6 7 |  7.0
Dodging        | 1 2 3 |  3.1
Fighting       | 4 5 6 |  6.7
Evocations     | 1 |  1.3
Stealth        | 1 |  1.1
Invocations    | |  0.2

Action                   |  1- 3 |  4- 6 |  7- 9 | 10-12 || total
-------------------------+-------+-------+-------+-------++-------
Melee: War axe           |    83 |   169 |   185 |    85 ||   522
       Headbutt          |       |     4 |    24 |    14 ||    42
Invok: Heroism           |       |       |       |     2 ||     2
 Abil: Evoke Berserk Rag |     1 |       |     2 |       ||     3
  Use: Scroll            |       |       |     9 |     4 ||    13
       Potion            |       |       |     1 |       ||     1
 Stab: Paralysed         |     1 |       |       |       ||     1
  Eat: Chunk             |     1 |     8 |    16 |     5 ||    30
Armor: Scale mail        |    43 |    66 |    16 |       ||   125
       Chain mail        |       |       |    31 |    37 ||    68
       Plate armour      |       |       |    21 |       ||    21
Dodge: Dodged            |    31 |    61 |    42 |    28 ||   162
       Deflected         |       |       |       |     2 ||     2
Block: Shield            |    38 |    60 |    81 |    40 ||   219

Table legend:
 A = Non-vault XP
 B = Vault XP
 C = Vault XP percentage of total XP
 D = Non-vault monster count
 E = Vault monster count
 F = Vault count percentage of total count
                 A         B        C        D         E       F
            +---------+---------+-------+---------+---------+-------
      Total |    8589 |    1173 |  12.0 |     204 |      20 |   8.9
            +---------+---------+-------+---------+---------+-------
        D:1 |      39 |       0 |   0.0 |      22 |       0 |   0.0
        D:2 |     111 |      87 |  43.9 |      16 |       5 |  23.8
        D:3 |      61 |      37 |  37.8 |      18 |       1 |   5.3
        D:4 |     563 |       0 |   0.0 |      13 |       0 |   0.0
        D:5 |     559 |     252 |  31.1 |      17 |       5 |  22.7
        D:6 |    1200 |      96 |   7.4 |      23 |       1 |   4.2
        D:7 |     513 |     701 |  57.7 |      10 |       8 |  44.4
        D:8 |    1951 |       0 |   0.0 |      45 |       0 |   0.0
        D:9 |    1027 |       0 |   0.0 |      21 |       0 |   0.0
       D:10 |    2565 |       0 |   0.0 |      19 |       0 |   0.0
            +---------+---------+-------+---------+---------+-------
